 Dungeon Crawl Stone Soup version 0.28-a0-925-gd5e1996cdb (webtiles) character file.

Game seed: 12237116062352448914

203 bearlyready the Bolt Thrower (level 6, 0/35 HPs)
             Began as a Kobold Hunter on Nov 26, 2021.
             Slain by a lemure (7 damage)
             ... led by Pikel
             ... on level 4 of the Dungeon.
             The game lasted 00:05:59 (4634 turns).

bearlyready the Bolt Thrower (Kobold Hunter)        Turns: 4634, Time: 00:05:59

Health: 0/35       AC:  4    Str:  9    XL:     6   Next: 8%
Magic:  6/6        EV: 14    Int: 13    God:
Gold:   167        SH:  0    Dex: 17    Spells: 5/5 levels left

rFire   . . .      SeeInvis .   a - +1 hand crossbow
rCold   . . .      Faith    .   (shield restricted)
rNeg    . . .      Spirit   .   c - +0 leather armour
rPois   .          Reflect  .   (no helmet)
rElec   .          Harm     .   s - +0 cloak
rCorr   .          Rampage  .   (no gloves)
Will    .....                   (no boots)
Stlth   +++.......              (no amulet)
HPRegen 0.11/turn               (no ring)
MPRegen 0.10/turn               (no ring)

@: no status effects
A: small, no large weapons, nightstalker 3
a: no special abilities


You were on level 4 of the Dungeon.
You visited 1 branch of the dungeon, and saw 4 of its levels.

You collected 167 gold pieces.

Inventory:

Hand Weapons
 a - a +1 hand crossbow (weapon)
 b - a +0 short sword
 e - a +0 hunting sling
Missiles
 d - 15 bolts (quivered ammo)
 h - 3 boomerangs
 n - 80 stones
 o - 13 sling bullets
 r - a throwing net
Armour
 c - a +0 leather armour (worn)
 s - a +0 cloak (worn)
Jewellery
 l - a ring of fire
Wands
 t - a wand of digging (5)
Scrolls
 f - a scroll of brand weapon {unknown}
 i - a scroll of fear {unknown}
 j - a scroll of blinking {unknown}
 k - 2 scrolls of identify
 p - a scroll of immolation
 u - a scroll of enchant armour {unknown}
Potions
 g - 2 potions of heal wounds
 m - a potion of lignification
 q - a potion of haste
 v - a potion of curing {unknown}


   Skills:
 - Level 2.1 Fighting
 + Level 4.4 Short Blades
 + Level 6.5 Crossbows
 + Level 1.1 Throwing
 - Level 2.4 Dodging
 + Level 2.4 Stealth


You had 5 spell levels left.
You didn't know any spells.
Your spell library was empty.

Dungeon Overview and Level Annotations

Branches:
Dungeon (4/15)
 Temple: D:4-7

Altars:

Annotations:
D:4 Pikel


Innate Abilities, Weirdness & Mutations

You are small and have problems with some larger weapons.
You are completely attuned to the shadows.


Message History

You hit the lemure but do no damage. The lemure misses you.
You barely miss the lemure. The lemure barely misses you.
You closely miss the lemure. The lemure hits you.
You hit the lemure.
The lemure is lightly wounded.
The lemure barely misses you.
You hit the lemure.
The lemure is lightly wounded.
The lemure barely misses you.
You barely miss the lemure.
The lemure is lightly wounded.
You closely miss the lemure.
The lemure is lightly wounded.
The lemure hits you.
You hit the lemure but do no damage.
The lemure is lightly wounded.
The lemure misses you.
a - a +1 hand crossbow (weapon)
The lemure hits you but does no damage.
Fire: 18 bolts
Press: ? - help, Q - select action, (/) - cycle Shift-Dir - straight line, f - lemure
Aim: a lemure (lightly wounded, 62% to hit)
You shoot a bolt. The bolt misses the lemure.
The lemure hits you.
Fire: 17 bolts
Press: ? - help, Q - select action, (/) - cycle Shift-Dir - straight line, f/p - lemure
Aim: a lemure (lightly wounded, 62% to hit)
You shoot a bolt. The bolt barely misses the lemure.
The lemure hits you.
Fire: 16 bolts
Press: ? - help, Q - select action, (/) - cycle Shift-Dir - straight line, f/p - lemure
Aim: a lemure (lightly wounded, 62% to hit)
You shoot a bolt. The bolt barely misses the lemure.
The lemure hits you.
* * * LOW HITPOINT WARNING * * *
As you read the scroll labelled CIPHOA ONKUPPE, it crumbles to dust.
It is a scroll of identify.
p - a scroll of immolation The lemure hits you!
You die...

...!...... ......8..
≈....o... ≈≈..o.... #
### ##.. ##... ###
####'... #@# #
###.#.#... #5#
#.#......... #.#.#
#.#.######## # #.#.#
#........... #.#.#(#
###.####..#. #.....#
#......K.### ..#..#
#.#..#....#. #
##'##+###...#...5..
....#.....##.K#.##...


You could see a lemure.

Vanquished Creatures
  Crazy Yiuf (D:2)
  5 gnolls
  3 adders
  2 worms
  12 orcs
  7 endoplasms
  A giant cockroach (D:3)
  8 goblins
  8 hobgoblins
  6 jackals
  3 quokkas
  7 ball pythons
  4 bats
  7 frilled lizards
  3 kobolds (D:2)
  3 rats (D:1)
80 creatures vanquished.

Vanquished Creatures (others)
  A fungus (D:2)
  10 plants (D:4)
11 creatures vanquished.

Grand Total: 91 creatures vanquished

Notes
Turn   | Place    | Note
-------+----------+-------------------------------------------
     0 | D:1      | bearlyready the Kobold Hunter began the quest for the Orb.
     0 | D:1      | Reached XP level 1. HP: 12/12 MP: 1/1
   181 | D:1      | Reached skill level 1 in Short Blades
   181 | D:1      | Reached skill level 5 in Crossbows
   185 | D:1      | Reached XP level 2. HP: 13/17 MP: 2/2
   698 | D:1      | Reached XP level 3. HP: 21/21 MP: 3/3
  1038 | D:2      | Found a faded altar of an unknown god.
  1471 | D:2      | Reached XP level 4. HP: 22/26 MP: 4/4
  1950 | D:2      | Found a runed translucent door.
  1953 | D:2      | Noticed Crazy Yiuf
  2238 | D:2      | Reached skill level 6 in Crossbows
  2338 | D:2      | Killed Crazy Yiuf
  2339 | D:2      | Reached XP level 5. HP: 30/30 MP: 5/5
  2741 | D:2      | HP: 2/45 [poisoned by a gnoll]
  3535 | D:3      | Noticed an ice beast
  4237 | D:4      | Reached skill level 1 in Throwing
  4237 | D:4      | Reached XP level 6. HP: 26/35 MP: 6/6
  4514 | D:4      | Noticed Pikel
  4634 | D:4      | Slain by a lemure

Illustrated notes

Levels and vault maps discovered:
D:1:      dpeg_arrival_connections, layout_rooms, minmay_misc_feat_tower
D:2:      layout_basic, nicolae_ecumenical_pavilion, cheibrodos_gnoll_hut,
          uniq_crazy_yiuf_cottage
D:3:      layout_basic
D:4:      layout_basic, nicolae_overflow_hidden_temple,
          mainiacjoe_overflow_24_doors, kennysheep_cluttered_room,
          minmay_strange_pillars, nicolae_shop_fire_sale
          [nicolae_sub_dead_trees], minmay_lizard_king, uniq_pikel,
          uniq_menkaure

Skill      XL: |  1  2  3  4  5 |
---------------+----------------+-----
Short Blades   | 1 2 3 4 |  4.4
Crossbows      | 5 6 |  6.5
Stealth        | 2 |  2.4
Throwing       | 1 |  1.1
Fighting       | |  2.1
Dodging        | |  2.4

Action                   |  1- 3 |  4- 6 || total
-------------------------+-------+-------++-------
Melee: Short sword       |    73 |   202 ||   275
 Fire: Hand crossbow     |     7 |    27 ||    34
Throw: Throwing net      |       |     3 ||     3
  Use: Potion            |       |     4 ||     4
       Scroll            |       |     2 ||     2
 Stab: Sleeping          |    15 |     7 ||    22
       Distracted        |     1 |       ||     1
Armor: Leather armour    |     7 |    49 ||    56
       Skin              |       |     3 ||     3
Dodge: Dodged            |    42 |   149 ||   191

Table legend: (Time is in decaauts)
 A = Elapsed time spent in this place.
 B = Non-inter-level travel time spent in this place.
 C = Inter-level travel time spent in this place.
 D = Time resting spent in this place.
 E = Time spent auto-exploring this place.
 F = Levels seen in this place.
 G = Mean time per level.
                   A        B        C        D        E       F      G
               +--------+--------+--------+--------+--------+-----+--------+
         Total |   4622 |   4518 |    104 |    807 |   2781 |   4 | 1155.5 |
       Dungeon |   4622 |   4518 |    104 |    807 |   2781 |   4 | 1155.5 |
               +--------+--------+--------+--------+--------+-----+--------+

Top non-repeatable levels by time:
     D:2: 1739 daAuts
     D:3: 1440 daAuts
     D:1: 1037 daAuts
     D:4: 404 daAuts
